 Dungeon Crawl Stone Soup version 0.15.2 (webtiles) character file.

423 kae the Insei (level 6, 0/47 HPs)
             Began as a Draconian Transmuter on Mar 1, 2015.
             Was an Initiate of Qazlal.
             Slain by a black bear (3 damage)
             ... on Level 4 of the Dungeon.
             The game lasted 00:04:16 (3494 turns).

kae the Insei (Draconian Transmuter)                Turns: 3494, Time: 00:04:16

HP   0/47        AC  2     Str 13      XL: 6   Next: 63%
MP   2/10        EV 19     Int 13      God: Qazlal [......]
Gold 158         SH  0     Dex 18      Spells:  3 memorised,  3 levels left

rFire  . . .     SeeInvis .       - Unarmed
rCold  . . .     Clarity  .     (armour unavailable)
rNeg   . . .     rCorr    .     (shield currently unavailable)
rPois  x         rRot     .     (helmet currently unavailable)
rElec  .         Spirit   .     (cloak currently unavailable)
SustAb .         Warding  .     (gloves currently unavailable)
rMut   .         Stasis   .     (boots currently unavailable)
Gourm  .                        (no amulet)
MR     .....                    (no ring)
                                (no ring)

@: spider-form (expiring), very slightly contaminated, not resistant to hostile
enchantments, unstealthy
A: unfitting armour, (cold-blooded), AC +6
a: End Transformation, Renounce Religion


You were on level 4 of the Dungeon.
You worshipped Qazlal.
Qazlal was noncommittal.
You were hungry.
You were in spider-form.
You visited 1 branch of the dungeon, and saw 4 of its levels.

You collected 158 gold pieces.

Inventory:

Missiles
 b - 43 arrows
Magical devices
 t - a wand of disintegration (16) {unknown}
Comestibles
 a - 3 bread rations
 f - 2 slices of pizza
 g - a beef jerky
 i - a meat ration
 v - 4 rotting chunks of ogre flesh
Scrolls
 h - 3 scrolls of identify {unknown}
 j - a scroll of amnesia {unknown}
 k - a scroll of random uselessness {unknown}
 l - 3 scrolls of remove curse {unknown}
 o - 2 scrolls of enchant armour {unknown}
 q - a scroll of blinking {unknown}
Jewellery
 p - a +1 ring of intelligence {unknown}
Potions
 c - a potion of invisibility {unknown}
 e - 3 potions of flight {unknown}
 m - 2 potions of heal wounds {unknown}
 n - a potion of degeneration {unknown}
 r - a potion of haste {unknown}
 s - a potion of mutation {unknown}
 u - a potion of curing {unknown}
 w - a potion of restore abilities {unknown}
Books
 d - a book of Changes

   Spells                             Type                      Level
   *Beastly Appendage                 Transmutation                1
   *Sticks to Snakes                  Transmutation                2
   *Spider Form                       Transmutation/Poison         3
   Ice Form                           Ice/Transmutation            4
   Blade Hands                        Transmutation                5


   Skills:
 - Level 1.1 Fighting
 - Level 1.7 Dodging
 * Level 6.2 Unarmed Combat
 - Level 2.0 Spellcasting
 + Level 4.6 Transmutations


You had 3 spell levels left.
You knew the following spells:

 Your Spells              Type           Power        Failure   Level  Hunger
a - Beastly Appendage     Trmt           ##....       14%         1    ##.....
b - Sticks to Snakes      Trmt           ##........   21%         2    ###....
c - Spider Form           Trmt/Pois      #.........   56%         3    ####...


Dungeon Overview and Level Annotations

Branches:
Dungeon (4/15)
 Temple: D:4-7

Altars:
Ashenzari
Dithmenos
Qazlal
Xom

Annotations:
D:4 Edmund


Innate Abilities, Weirdness & Mutations

((Your plain brown scales are hard (AC +6).))
Your body does not fit into most forms of armour.
((Your cold-blooded metabolism reacts poorly to cold.))


Message History

The ogre closely misses you.
You hit the ogre.
The ogre is severely wounded.
You bite the ogre!
You kill the ogre!
Qazlal accepts your kill.
Your Unarmed Combat skill increases to level 6!
The black bear growls angrily.
Things that are here:
a giant spiked club; an ogre corpse The black bear bites you.
* * * LOW HITPOINT WARNING * * *
The black bear misses you. The black bear claws you.
* * * LOW HITPOINT WARNING * * *
There is a stone staircase leading up here.
You see here a stone.
The black bear closely misses you. The black bear claws you.
* * * LOW HITPOINT WARNING * * *
The black bear claws you.
You die...

## ##. # .## #.. #
...##..####### #
#....#......# #
#.........#### ##
#...s........#### #.
#.).h...#####...# #.
##......##.$[##..# #.
#.)####.'.(./.#..####.
#.##K(###...O.#.......
#.# ?aZ##..)..#..####.
#.# gl)'#'..(##..# #.
#.##ro##o#####...# ##
#..#'###'#......## #.


You could see a black bear.

Vanquished Creatures
  2 ogres (D:4)
  2 hounds (D:4)
  A worker ant (D:4)
  Jessica (D:2)
  4 gnolls (D:3)
  3 adders
  A worm (D:2)
  4 giant geckos
  4 orcs (D:3)
  A ball python (D:3)
  4 bats
  7 hobgoblins
  6 jackals (D:2)
  6 kobolds
  3 giant cockroaches
  6 giant newts
  8 goblins
  8 rats
71 creatures vanquished.

Notes
Turn   | Place    | Note
--------------------------------------------------------------
     0 | D:1      | kae, the Draconian Transmuter, began the quest for the Orb.
     0 | D:1      | Reached XP level 1. HP: 16/16 MP: 3/3
   377 | D:1      | Reached XP level 2. HP: 20/23 MP: 4/4
   960 | D:2      | Reached XP level 3. HP: 24/28 MP: 4/6
   980 | D:2      | Learned a level 2 spell: Sticks to Snakes
   984 | D:2      | Learned a level 3 spell: Spider Form
  1345 | D:2      | Noticed Jessica
  1354 | D:2      | Killed Jessica
  1354 | D:2      | Reached skill level 4 in Unarmed Combat
  1738 | D:2      | Found a shattered altar of Ashenzari.
  1739 | D:2      | Found a shimmering altar of Xom.
  1740 | D:2      | Found a shadowy altar of Dithmenos.
  1808 | D:2      | Reached XP level 4. HP: 31/35 MP: 7/7
  2718 | D:3      | Found a stormy altar of Qazlal.
  2804 | D:3      | Became a worshipper of Qazlal Stormbringer
  2946 | D:3      | Reached XP level 5. HP: 32/40 MP: 9/9
  3091 | D:4      | Noticed an ogre
  3102 | D:4      | Killed an ogre
  3102 | D:4      | Reached skill level 5 in Unarmed Combat
  3211 | D:4      | Reached XP level 6. HP: 21/47 MP: 10/10
  3386 | D:4      | Noticed a black bear
  3386 | D:4      | Noticed an ogre
  3386 | D:4      | Noticed Edmund
  3489 | D:4      | Killed an ogre
  3489 | D:4      | Reached skill level 6 in Unarmed Combat
  3494 | D:4      | Slain by a black bear

Action                   |  1- 3 |  4- 6 || total
-------------------------+-------+-------++-------
Melee: Unarmed           |   143 |   128 ||   271
 Cast: Beastly Appendage |     9 |    11 ||    20
       Spider Form       |       |     3 ||     3
 Stab: Sleeping          |       |     1 ||     1
  Eat: Chunk             |     3 |     6 ||     9
